 Dungeon Crawl Stone Soup version 0.18-a0-1300-g6e8322c (webtiles) character file.

1792 Oddball22 the Changer (level 8, 0/68 HPs)
             Began as a Demonspawn Transmuter on Feb 12, 2016.
             Was an Initiate of Sif Muna.
             Slain by a wight
             ... wielding a cursed +0 scimitar
              (6 damage)
             ... on level 6 of the Dungeon.
             The game lasted 00:18:13 (7148 turns).

Oddball22 the Changer (Demonspawn Transmuter)       Turns: 7148, Time: 00:18:13

Health: 0/68       AC:  5    Str: 15    XL:     8   Next: 82%
Magic:  11/14      EV: 10    Int: 14    God:    Sif Muna [......]
Gold:   360        SH:  0    Dex: 15    Spells: 5 memorised, 1 level left

rFire  x . .     SeeInvis .       - Unarmed
rCold  + + +     Gourm    .     (armour currently unavailable)
rNeg   . . .     Faith    .     (shield currently unavailable)
rPois  +         Spirit   .     (helmet currently unavailable)
rElec  .         Dismiss  .     (cloak currently unavailable)
rCorr  .         Reflect  .     (gloves currently unavailable)
SustAt .         Harm     +     (boots currently unavailable)
MR     +....                    D - amulet of harm
Stlth  +.........               t - +3 ring of strength
                                n - ring of protection from magic

@: ice-form, heavily drained, somewhat resistant to hostile enchantments, very
unstealthy
A: (talons 0), (icy blue scales 0), powered by death 1
a: End Transformation, Renounce Religion


You were on level 6 of the Dungeon.
You worshipped Sif Muna.
Sif Muna was noncommittal.
You were not hungry.
You were a creature of crystalline ice.
You visited 2 branches of the dungeon, and saw 7 of its levels.

You collected 360 gold pieces.

Inventory:

Hand Weapons
 y - a +0 vampiric dagger
 C - a +2 dagger of electrocution
 I - a +1 dagger of protection
Missiles
 a - 63 arrows
 i - 25 bolts
Armour
 b - a +0 robe (melded)
 v - a +2 helmet
Jewellery
 n - a ring of protection from magic (left front paw)
 t - a +3 ring of strength (right front paw)
 w - an uncursed ring of wizardry
 A - an uncursed ring of fire
 D - an amulet of harm (around neck)
 N - an uncursed amulet of magic regeneration
Wands
 x - a wand of disintegration (2/24)
 G - a wand of lightning (5/15)
 H - a wand of digging (12/24)
 J - a wand of lightning (8/15)
 K - a wand of slowing (36/48)
Scrolls
 e - 5 scrolls of teleportation
 g - 5 scrolls of enchant weapon
 m - 4 scrolls of identify
 o - 3 scrolls of remove curse
 q - a scroll of random uselessness {unknown}
 s - 3 scrolls of blinking {unknown}
 u - a scroll of enchant armour {unknown}
 M - a scroll of amnesia {unknown}
Potions
 f - 2 potions of brilliance {unknown}
 h - 4 potions of magic {unknown}
 j - a potion of curing {unknown}
 l - a potion of heal wounds {unknown}
 p - 2 potions of lignification {unknown}
 z - 2 potions of mutation {unknown}
 B - 2 potions of flight {unknown}
 F - a potion of ambrosia {unknown}
Books
 c - a book of Changes

   Spells                             Type                      Level
   a - Beastly Appendage              Transmutation                1
   b - Sticks to Snakes               Transmutation                2
   c - Spider Form                    Transmutation/Poison         3
   d - Ice Form                       Ice/Transmutation            4
   e - Blade Hands                    Transmutation                5
Comestibles
 d - 7 bread rations
 k - 13 fruits
 r - a meat ration
 E - a beef jerky


   Skills:
 - Level 2.8(1.5) Fighting
 - Level 3.1(1.8) Dodging
 - Level 0.4(0.0) Stealth
 - Level 4.7(3.4) Unarmed Combat
 + Level 4.6(3.2) Spellcasting
 * Level 6.2(4.8) Transmutations
 + Level 2.5(1.2) Ice Magic
 + Level 4.2(2.9) Poison Magic


You had one spell level left.
You knew the following spells:

 Your Spells              Type           Power        Failure   Level  Hunger
a - Beastly Appendage     Trmt           ###...       2%          1    #......
b - Sticks to Snakes      Trmt           ###.....     4%          2    ##.....
c - Spider Form           Trmt/Pois      ##........   14%         3    ###....
d - Ice Form              Ice/Trmt       ##......     71%         4    #####..
e - Blade Hands           Trmt           ###.......   82%         5    ######.


Dungeon Overview and Level Annotations

Branches:
Dungeon (6/15)             Temple (1/1) D:6

Altars:
Cheibriados
Fedhas
Sif Muna
Vehumet
Xom


Innate Abilities, Weirdness & Mutations

((You have sharp toenails.))
((You are mostly covered in icy blue scales (AC +3, EV -1).))
You regenerate a little health from kills.


Message History

The wight hits you with a short sword of freezing.
The wight hits you but does no damage.
You punch the wight!
You destroy the wight!
The wight hits you with a scimitar!
* * * LOW HITPOINT WARNING * * *
You feel drained.
You are too injured to fight recklessly!
You are too injured to fight recklessly!
You hit the wight but do no damage. You punch the wight!
The wight is severely damaged.
The wight hits you with a scimitar!
* * * LOW HITPOINT WARNING * * *
You feel drained.
* * * LOW HITPOINT WARNING * * *
You barely miss the wight.
The wight is severely damaged.
The wight hits you with a scimitar.
You die...

.#........#..##.#######.####
....#....###.##.# #.# ###
##....#....#..#.# #.# #.#
##..#....#.##.#.# #z#####.#
....#..)##.##.#.## #.......#
#...#.####.......#########....#
#.#.#.# ###.....#....# #.####
#.....# #...>)#....####.#
#.#.### ##...Yz.........# #.#.#
#..).#.........# #.#.#
#....#.........# #.#.#
########.......# #)..#
#............# #####
#.....#....#.# #.....##.#.#.#
#............# ##############


You could see a wight.

Vanquished Creatures
  Pikel (D:5)
  Sigmund (D:5)
  A phantom (D:5)
  2 ogres
  A giant frog (D:6)
  A scorpion (D:4)
  2 wights (D:6)
  2 crimson imps
  A centaur zombie (D:3)
  A giant frog zombie (D:6)
  2 hounds (D:6)
  2 orc priests (D:5)
  3 orc wizards
  Ijyb (D:2)
  Terence (D:3)
  An iguana (D:5)
  4 worker ants
  Robin (D:2)
  6 adders
  2 shadow imps (D:5)
  4 oozes
  2 worms
  3 giant geckos
  4 orcs
  4 ball pythons
  7 bats
  5 giant cockroaches
  19 goblins
  12 hobgoblins
  8 jackals
  2 quokkas (D:2)
  3 giant newts
  A jackal skeleton (D:6)
  11 kobolds
  A quokka skeleton (D:6)
  18 rats
140 creatures vanquished.

Vanquished Creatures (others)
  A hound zombie (D:5)
  A jackal (D:5)
2 creatures vanquished.

Grand Total: 142 creatures vanquished

Notes
Turn   | Place    | Note
--------------------------------------------------------------
     0 | D:1      | Oddball22 the Demonspawn Transmuter began the quest for the Orb.
     0 | D:1      | Reached XP level 1. HP: 15/15 MP: 3/3
   202 | D:1      | Reached skill level 3 in Unarmed Combat
   535 | D:1      | Gained mutation: You are partially covered in icy blue scales (AC +1). [demonic ancestry]
   535 | D:1      | Reached XP level 2. HP: 21/21 MP: 1/5
  1569 | D:1      | Gained mutation: You are mostly covered in icy blue scales (AC +3, EV -1). [demonic ancestry]
  1569 | D:1      | Reached XP level 3. HP: 23/26 MP: 3/6
  2273 | D:2      | Noticed Robin
  2368 | D:2      | Learned a level 2 spell: Sticks to Snakes
  2372 | D:2      | Learned a level 3 spell: Spider Form
  3068 | D:2      | Killed Robin
  3068 | D:2      | Reached XP level 4. HP: 24/33 MP: 3/7
  3319 | D:2      | Noticed Ijyb
  3333 | D:2      | Killed Ijyb
  3333 | D:2      | Reached skill level 4 in Unarmed Combat
  3664 | D:2      | Reached XP level 5. HP: 38/38 MP: 6/8
  4113 | D:3      | Noticed Terence
  4121 | D:3      | Killed Terence
  4947 | D:4      | Gained mutation: You regenerate a little health from kills. [demonic ancestry]
  4947 | D:4      | Reached XP level 6. HP: 44/46 MP: 7/9
  5126 | D:4      | Reached skill level 1 in Poison Magic
  5316 | D:4      | Learned a level 4 spell: Ice Form
  5554 | D:5      | Entered Level 5 of the Dungeon
  5588 | D:5      | Gained mutation: You have sharp toenails. [demonic ancestry]
  5588 | D:5      | Reached XP level 7. HP: 25/51 MP: 8/11
  5949 | D:5      | Noticed Sigmund
  5960 | D:5      | Killed Sigmund
  6379 | D:5      | Noticed Pikel
  6390 | D:5      | Killed Pikel
  6390 | D:5      | Reached skill level 5 in Transmutations
  6390 | D:5      | Reached skill level 1 in Ice Magic
  6390 | D:5      | Reached XP level 8. HP: 39/57 MP: 10/14
  6408 | D:5      | Learned a level 5 spell: Blade Hands
  6900 | D:6      | Reached skill level 6 in Transmutations
  6933 | D:6      | Found a staircase to the Ecumenical Temple.
  6963 | Temple   | Entered the Ecumenical Temple
  6972 | Temple   | Became a worshipper of Sif Muna the Loreminder
  7148 | D:6      | Slain by a wight

Vault maps used:
D:1:      minmay_arrival_radiant_lines, minmay_bisected
D:2:      first_bread, uniq_iyjb, uniq_robin
D:3:      uniq_terence
D:4:      kennysheep_generic_room_10
D:5:      uniq_sigmund, uniq_pikel
D:6:      minmay_temple_entry_purple_smoke
Temple:   grunt_circular_temple_18

Action                   |  1- 3 |  4- 6 |  7- 9 || total
-------------------------+-------+-------+-------++-------
Melee: Unarmed           |   197 |   247 |   201 ||   645
 Cast: Beastly Appendage |    27 |    22 |    13 ||    62
       Spider Form       |     1 |     3 |     4 ||     8
       Ice Form          |       |       |     1 ||     1
Evoke: Wand              |       |     1 |       ||     1
  Use: Scroll            |       |     4 |       ||     4
 Stab: Sleeping          |     2 |       |     3 ||     5
  Eat: Chunk             |     8 |     9 |     6 ||    23
